2816 views
Uploaded 2020-02-02 13:53:48
Game version 1.32 / 1.32.1
65:38 long 4on4 ladder game on (8)Deadlock_LV
Saved by ChuckleMan
2816 views
Uploaded 2020-02-02 13:53:48
Game version 1.32 / 1.32.1
65:38 long 4on4 ladder game on (8)Deadlock_LV


186 units @ 25.3k
/ 3.7k
354 buildings @ 22.1k
/ 11.6k


| Orb of Fire | 1 | 325 |
| Mantle of Intelligence +3 | 2 | 200 |
| Ring of Protection +3 | 1 | 125 |
| Gauntlets of Ogre Strength +3 | 1 | 100 |
| Claws of Attack +6 | 1 | 125 |
| Gloves of Haste | 1 | 125 |
| total: | 7 | 1000g |
| Peasant | 14 | 1050 | / | 0 |
| Rifleman | 21 | 4305 | / | 630 |
| Priest | 2 | 270 | / | 20 |
| Flying Machine | 15 | 1500 | / | 450 |
| Knight | 6 | 1470 | / | 360 |
| total: | 58 | 8595g | / | 1460w |
| Scout Tower | 78 | 2340 | / | 1560 |
| Guard Tower | 14 | 980 | / | 700 |
| Farm | 16 | 1280 | / | 320 |
| Altar of Kings | 1 | 180 | / | 50 |
| Barracks | 2 | 320 | / | 120 |
| Blacksmith | 1 | 140 | / | 60 |
| Lumber Mill | 3 | 360 | / | 0 |
| Town Hall | 2 | 770 | / | 410 |
| Arcane Vault | 1 | 130 | / | 30 |
| Arcane Sanctum | 2 | 300 | / | 280 |
| Workshop | 3 | 420 | / | 420 |
| Keep | 1 | 320 | / | 210 |
| Castle | 1 | 360 | / | 210 |
| total: | 109 | 6240g | / | 3250w |
| 0:04 | Peasant |
| 0:04 | Peasant |
| 0:09 | Farm |
| 0:13 | Altar of Kings |
| 0:15 | Peasant |
| 0:31 | Barracks |
| 0:57 | Peasant |
| 1:21 | Blacksmith |
| 1:51 | Farm |
| 2:02 | Peasant |
| 2:25 | Summon Water Elemental |
| 2:34 | Farm |
| 2:35 | Rifleman |
| 2:36 | Rifleman |
| 2:55 | Lumber Mill |
| 3:28 | Rifleman |
| 4:24 | Keep |
| 4:35 | Rifleman |
| 4:52 | Black Gunpowder |
| 5:14 | Brilliance Aura |
| 5:56 | Town Hall |
| 5:58 | Rifleman |
| 5:59 | Rifleman |
| 7:36 | Farm |
| 7:41 | Farm |
| 7:45 | Peasant |
| 7:45 | Peasant |
| 7:46 | Peasant |
| 8:21 | Scout Tower |
| 8:24 | Long Rifles |
| 8:28 | Peasant |
| 8:28 | Peasant |
| 9:43 | Mantle of Intelligence +3 |
| 9:55 | Ring of Protection +3 |
| 10:04 | Holy Light |
| 10:14 | Summon Water Elemental |
| 10:40 | Rifleman |
| 10:40 | Rifleman |
| 10:40 | Rifleman |
| 10:40 | Rifleman |
| 10:41 | Guard Tower |
| 10:45 | Barracks |
| 10:46 | Castle |
| 10:56 | Mantle of Intelligence +3 |
| 11:09 | Gauntlets of Ogre Strength +3 |
| 11:12 | Claws of Attack +6 |
| 11:14 | Gloves of Haste |
| 11:35 | Rifleman |
| 11:35 | Rifleman |
| 12:05 | Arcane Vault |
| 12:12 | Arcane Sanctum |
| 12:13 | Rifleman |
| 12:20 | Farm |
| 12:22 | Farm |
| 12:24 | Farm |
| 12:25 | Peasant |
| 12:25 | Peasant |
| 12:29 | Scout Tower |
| 12:39 | Studded Leather Armor |
| 13:03 | Peasant |
| 13:03 | Peasant |
| 13:17 | Refined Gunpowder |
| 13:30 | Farm |
| 13:47 | Reinforced Leather Armor |
| 13:56 | Arcane Sanctum |
| 13:59 | Priest Adept Training |
| 14:16 | Workshop |
| 14:37 | Farm |
| 16:00 | Workshop |
| 16:14 | Priest |
| 16:14 | Priest |
| 16:20 | Scout Tower |
| 16:28 | Scout Tower |
| 16:35 | Rifleman |
| 16:35 | Rifleman |
| 16:41 | Scout Tower |
| 16:58 | Flying Machine |
| 16:59 | Flying Machine |
| 17:07 | Farm |
| 17:09 | Guard Tower |
| 17:25 | Priest Master Training |
| 17:37 | Flying Machine |
| 18:26 | Lumber Mill |
| 18:32 | Flak Cannons |
| 19:14 | Scout Tower |
| 19:23 | Scout Tower |
| 19:30 | Improved Masonry |
| 19:47 | Rifleman |
| 19:54 | Divine Shield |
| 20:08 | Guard Tower |
| 20:23 | Knight |
| 20:24 | Knight |
| 20:34 | Flying Machine |
| 20:52 | Flying Machine |
| 20:53 | Flying Machine |
| 22:10 | Flying Machine |
| 22:10 | Flying Machine |
| 22:10 | Flying Machine |
| 23:00 | Holy Light |
| 24:24 | Orb of Fire |
| 24:38 | Knight |
| 24:38 | Knight |
| 24:38 | Knight |
| 24:40 | Knight |
| 25:05 | Scout Tower |
| 25:06 | Scout Tower |
| 25:09 | Scout Tower |
| 25:10 | Scout Tower |
| 25:12 | Scout Tower |
| 25:14 | Scout Tower |
| 25:31 | Guard Tower |
| 25:42 | Scout Tower |
| 25:43 | Scout Tower |
| 25:44 | Scout Tower |
| 25:45 | Scout Tower |
| 25:53 | Scout Tower |
| 26:23 | Scout Tower |
| 26:24 | Scout Tower |
| 26:26 | Scout Tower |
| 26:40 | Lumber Mill |
| 26:51 | Guard Tower |
| 27:23 | Scout Tower |
| 27:24 | Scout Tower |
| 27:24 | Scout Tower |
| 27:24 | Scout Tower |
| 27:25 | Scout Tower |
| 27:25 | Scout Tower |
| 27:25 | Scout Tower |
| 27:26 | Scout Tower |
| 27:26 | Scout Tower |
| 27:27 | Scout Tower |
| 27:38 | Scout Tower |
| 27:39 | Scout Tower |
| 27:39 | Scout Tower |
| 27:39 | Scout Tower |
| 27:41 | Scout Tower |
| 27:41 | Scout Tower |
| 27:42 | Scout Tower |
| 27:42 | Scout Tower |
| 27:47 | Scout Tower |
| 27:49 | Scout Tower |
| 27:49 | Scout Tower |
| 27:50 | Scout Tower |
| 27:51 | Scout Tower |
| 27:52 | Scout Tower |
| 28:08 | Scout Tower |
| 28:09 | Scout Tower |
| 28:10 | Scout Tower |
| 28:11 | Scout Tower |
| 28:12 | Scout Tower |
| 28:14 | Guard Tower |
| 28:19 | Guard Tower |
| 28:22 | Guard Tower |
| 28:58 | Guard Tower |
| 29:04 | Guard Tower |
| 29:07 | Guard Tower |
| 29:46 | Devotion Aura |
| 30:37 | Scout Tower |
| 30:38 | Scout Tower |
| 30:39 | Scout Tower |
| 30:40 | Scout Tower |
| 30:40 | Scout Tower |
| 30:41 | Scout Tower |
| 30:42 | Scout Tower |
| 30:43 | Scout Tower |
| 30:47 | Scout Tower |
| 30:48 | Scout Tower |
| 30:48 | Scout Tower |
| 30:49 | Scout Tower |
| 30:53 | Scout Tower |
| 30:54 | Scout Tower |
| 30:54 | Scout Tower |
| 30:55 | Scout Tower |
| 30:56 | Scout Tower |
| 31:00 | Scout Tower |
| 31:00 | Scout Tower |
| 31:01 | Scout Tower |
| 31:06 | Scout Tower |
| 31:07 | Scout Tower |
| 31:08 | Scout Tower |
| 31:09 | Scout Tower |
| 31:10 | Scout Tower |
| 31:11 | Scout Tower |
| 31:12 | Scout Tower |
| 31:21 | Scout Tower |
| 32:03 | Guard Tower |
| 32:27 | Rifleman |
| 32:27 | Rifleman |
| 32:27 | Rifleman |
| 32:27 | Rifleman |
| 32:27 | Rifleman |
| 33:14 | Guard Tower |
| 38:30 | Town Hall |
| 39:05 | Farm |
| 40:18 | Farm |
| 41:26 | Farm |
| 41:41 | Farm |
| 42:11 | Farm |
| 43:17 | Workshop |
| 43:21 | Flying Machine Bombs |
| 43:23 | Flying Machine |
| 43:23 | Flying Machine |
| 43:23 | Flying Machine |
| 44:07 | Brilliance Aura |
| 44:49 | Flying Machine |
| 44:49 | Flying Machine |
| 44:49 | Flying Machine |
| 45:22 | Holy Light |
| 48:37 | Dragonhide Armor |
| 50:44 | Guard Tower |
| 51:56 | Blizzard |
| 54:05 | Resurrection |
| Right click | 1914 |
| Select | 931 |
| Chat | 133 |
| Build/train/purchase | 123 |
| Use ability | 17 |
| Minimap ping | 9 |
| Misc. action | 3 |
| Select group | 3 |
| Item give/drop | 2 |
| Assign group | 1 |

| Scroll of Regeneration | 1 | 100 |
| Orb of Fire | 1 | 325 |
| Gauntlets of Ogre Strength +3 | 1 | 100 |
| total: | 3 | 525g |
| Peasant | 12 | 900 | / | 0 |
| Footman | 12 | 1620 | / | 0 |
| Rifleman | 5 | 1025 | / | 150 |
| Knight | 3 | 735 | / | 180 |
| Gryphon Rider | 4 | 1120 | / | 280 |
| total: | 36 | 5400g | / | 610w |
| Scout Tower | 4 | 120 | / | 80 |
| Guard Tower | 2 | 140 | / | 100 |
| Farm | 11 | 880 | / | 220 |
| Altar of Kings | 1 | 180 | / | 50 |
| Barracks | 1 | 160 | / | 60 |
| Lumber Mill | 1 | 120 | / | 0 |
| Blacksmith | 1 | 140 | / | 60 |
| Arcane Vault | 1 | 130 | / | 30 |
| Town Hall | 2 | 770 | / | 410 |
| Gryphon Aviary | 1 | 140 | / | 150 |
| Keep | 1 | 320 | / | 210 |
| Castle | 1 | 360 | / | 210 |
| total: | 23 | 2640g | / | 1060w |
| 0:07 | Farm |
| 0:08 | Peasant |
| 0:08 | Peasant |
| 0:08 | Peasant |
| 0:08 | Peasant |
| 0:08 | Peasant |
| 0:42 | Altar of Kings |
| 0:59 | Farm |
| 1:02 | Barracks |
| 1:17 | Lumber Mill |
| 1:20 | Peasant |
| 1:42 | Farm |
| 2:12 | Blacksmith |
| 2:19 | Footman |
| 2:22 | Footman |
| 2:23 | Footman |
| 2:33 | Farm |
| 2:55 | Footman |
| 3:18 | Arcane Vault |
| 3:37 | Devotion Aura |
| 4:02 | Rifleman |
| 4:03 | Rifleman |
| 4:25 | Farm |
| 4:56 | Footman |
| 4:57 | Rifleman |
| 5:02 | Iron Forged Swords |
| 5:04 | Black Gunpowder |
| 5:46 | Footman |
| 5:47 | Rifleman |
| 6:00 | Holy Light |
| 6:25 | Peasant |
| 6:25 | Peasant |
| 6:25 | Peasant |
| 6:28 | Footman |
| 6:29 | Rifleman |
| 6:29 | Footman |
| 6:42 | Farm |
| 6:51 | Footman |
| 7:05 | Scroll of Regeneration |
| 7:44 | Keep |
| 8:19 | Town Hall |
| 9:56 | Gauntlets of Ogre Strength +3 |
| 10:14 | Castle |
| 10:18 | Long Rifles |
| 10:19 | Footman |
| 10:20 | Footman |
| 10:20 | Footman |
| 10:30 | Farm |
| 11:09 | Farm |
| 11:14 | Refined Gunpowder |
| 11:58 | Peasant |
| 11:58 | Peasant |
| 11:58 | Peasant |
| 12:03 | Scout Tower |
| 12:06 | Steel Forged Swords |
| 12:09 | Improved Lumber Harvesting |
| 12:38 | Farm |
| 12:44 | Scout Tower |
| 13:19 | Gryphon Aviary |
| 13:24 | Farm |
| 13:57 | Knight |
| 13:57 | Knight |
| 13:58 | Knight |
| 14:56 | Guard Tower |
| 15:53 | Gryphon Rider |
| 15:53 | Gryphon Rider |
| 15:54 | Gryphon Rider |
| 15:54 | Gryphon Rider |
| 16:03 | Scout Tower |
| 16:59 | Sundering Blades |
| 17:00 | Animal War Training |
| 17:05 | Iron Plating |
| 17:10 | Advanced Lumber Harvesting |
| 17:39 | Farm |
| 18:17 | Orb of Fire |
| 18:24 | Storm Hammers |
| 18:44 | Scout Tower |
| 18:47 | Guard Tower |
| 19:36 | Town Hall |
| 20:13 | Divine Shield |
| Right click | 520 |
| Select | 190 |
| Select group | 98 |
| Build/train/purchase | 64 |
| Assign group | 24 |
| Esc | 5 |
| Use ability | 3 |
| Item give/drop | 1 |
| Remove unit | 1 |

| Scroll of Regeneration | 1 | 100 |
| Scroll of Town Portal | 1 | 350 |
| Ring of Protection +4 | 1 | 300 |
| total: | 3 | 750g |
| Peasant | 21 | 1575 | / | 0 |
| Footman | 4 | 540 | / | 0 |
| Rifleman | 11 | 2255 | / | 330 |
| Priest | 4 | 540 | / | 40 |
| Knight | 5 | 1225 | / | 300 |
| Siege Engine | 8 | 1560 | / | 480 |
| total: | 53 | 7695g | / | 1150w |
| Scout Tower | 64 | 1920 | / | 1280 |
| Guard Tower | 11 | 770 | / | 550 |
| Altar of Kings | 1 | 180 | / | 50 |
| Barracks | 1 | 160 | / | 60 |
| Farm | 13 | 1040 | / | 260 |
| Blacksmith | 1 | 140 | / | 60 |
| Lumber Mill | 1 | 120 | / | 0 |
| Town Hall | 4 | 1540 | / | 820 |
| Arcane Vault | 1 | 130 | / | 30 |
| Arcane Sanctum | 1 | 150 | / | 140 |
| Gryphon Aviary | 1 | 140 | / | 150 |
| Workshop | 1 | 140 | / | 140 |
| Keep | 1 | 320 | / | 210 |
| Castle | 1 | 360 | / | 210 |
| total: | 89 | 5660g | / | 2990w |
| 0:09 | Altar of Kings |
| 0:10 | Peasant |
| 0:10 | Peasant |
| 0:31 | Barracks |
| 0:43 | Farm |
| 0:44 | Farm |
| 1:46 | Footman |
| 1:46 | Footman |
| 2:44 | Summon Water Elemental |
| 2:49 | Footman |
| 2:49 | Footman |
| 2:51 | Peasant |
| 4:20 | Blacksmith |
| 4:23 | Lumber Mill |
| 4:28 | Farm |
| 4:29 | Farm |
| 4:31 | Peasant |
| 4:33 | Peasant |
| 7:19 | Brilliance Aura |
| 7:31 | Town Hall |
| 7:38 | Town Hall |
| 7:43 | Rifleman |
| 7:43 | Rifleman |
| 7:43 | Rifleman |
| 7:43 | Rifleman |
| 7:43 | Rifleman |
| 8:04 | Peasant |
| 8:05 | Peasant |
| 9:01 | Farm |
| 9:02 | Farm |
| 9:04 | Peasant |
| 9:27 | Farm |
| 9:28 | Farm |
| 9:41 | Arcane Vault |
| 10:18 | Rifleman |
| 10:18 | Rifleman |
| 10:21 | Farm |
| 10:22 | Farm |
| 11:07 | Summon Water Elemental |
| 11:26 | Town Hall |
| 11:33 | Iron Forged Swords |
| 11:34 | Black Gunpowder |
| 11:35 | Iron Plating |
| 11:35 | Studded Leather Armor |
| 11:37 | Rifleman |
| 11:37 | Rifleman |
| 12:33 | Farm |
| 12:33 | Farm |
| 12:41 | Keep |
| 12:59 | Farm |
| 13:04 | Rifleman |
| 13:04 | Rifleman |
| 13:51 | Ring of Protection +4 |
| 15:56 | Long Rifles |
| 16:03 | Peasant |
| 16:04 | Peasant |
| 16:04 | Peasant |
| 16:04 | Peasant |
| 16:05 | Peasant |
| 16:12 | Peasant |
| 16:13 | Peasant |
| 16:13 | Peasant |
| 16:39 | Arcane Sanctum |
| 16:48 | Gryphon Aviary |
| 16:52 | Workshop |
| 17:12 | Scroll of Regeneration |
| 18:10 | Peasant |
| 18:10 | Peasant |
| 18:10 | Peasant |
| 18:36 | Priest |
| 18:36 | Priest |
| 18:36 | Priest |
| 18:36 | Priest |
| 18:38 | Priest Adept Training |
| 19:34 | Peasant |
| 19:34 | Peasant |
| 20:18 | Scroll of Town Portal |
| 21:13 | Scout Tower |
| 21:13 | Scout Tower |
| 21:14 | Scout Tower |
| 21:14 | Scout Tower |
| 21:16 | Scout Tower |
| 21:16 | Scout Tower |
| 21:16 | Scout Tower |
| 21:17 | Scout Tower |
| 21:18 | Scout Tower |
| 21:21 | Scout Tower |
| 21:22 | Scout Tower |
| 21:22 | Scout Tower |
| 21:37 | Scout Tower |
| 21:38 | Scout Tower |
| 21:39 | Scout Tower |
| 21:42 | Scout Tower |
| 21:43 | Scout Tower |
| 21:58 | Guard Tower |
| 22:09 | Guard Tower |
| 22:19 | Scout Tower |
| 22:20 | Scout Tower |
| 22:20 | Scout Tower |
| 22:21 | Scout Tower |
| 22:21 | Scout Tower |
| 22:23 | Scout Tower |
| 22:23 | Scout Tower |
| 22:24 | Scout Tower |
| 22:25 | Scout Tower |
| 22:28 | Guard Tower |
| 23:37 | Castle |
| 25:37 | Scout Tower |
| 25:37 | Scout Tower |
| 25:38 | Scout Tower |
| 25:38 | Scout Tower |
| 25:38 | Scout Tower |
| 25:39 | Scout Tower |
| 25:44 | Scout Tower |
| 25:46 | Scout Tower |
| 25:46 | Scout Tower |
| 25:48 | Scout Tower |
| 25:48 | Scout Tower |
| 25:48 | Scout Tower |
| 26:46 | Sundering Blades |
| 26:46 | Animal War Training |
| 26:47 | Knight |
| 26:48 | Knight |
| 26:48 | Knight |
| 26:48 | Knight |
| 26:48 | Knight |
| 27:38 | Guard Tower |
| 27:56 | Guard Tower |
| 34:57 | Improved Masonry |
| 35:23 | Scout Tower |
| 35:24 | Scout Tower |
| 35:25 | Scout Tower |
| 35:26 | Scout Tower |
| 37:10 | Guard Tower |
| 37:30 | Scout Tower |
| 37:31 | Scout Tower |
| 37:32 | Scout Tower |
| 37:33 | Scout Tower |
| 38:12 | Guard Tower |
| 38:37 | Advanced Masonry |
| 46:16 | Brilliance Aura |
| 50:05 | Brilliance Aura |
| 50:47 | Siege Engine |
| 50:47 | Siege Engine |
| 50:48 | Siege Engine |
| 50:49 | Siege Engine |
| 50:50 | Siege Engine |
| 50:50 | Siege Engine |
| 50:50 | Siege Engine |
| 50:50 | Siege Engine |
| 52:11 | Barrage |
| 61:53 | Town Hall |
| 62:07 | Scout Tower |
| 62:07 | Scout Tower |
| 62:08 | Scout Tower |
| 62:09 | Scout Tower |
| 62:09 | Scout Tower |
| 62:09 | Scout Tower |
| 62:12 | Scout Tower |
| 62:15 | Scout Tower |
| 62:17 | Scout Tower |
| 62:53 | Guard Tower |
| 63:13 | Guard Tower |
| 63:15 | Guard Tower |
| 64:05 | Scout Tower |
| 64:05 | Scout Tower |
| 64:06 | Scout Tower |
| 64:09 | Scout Tower |
| 64:09 | Scout Tower |
| 64:10 | Scout Tower |
| 64:10 | Scout Tower |
| 64:11 | Scout Tower |
| 64:13 | Scout Tower |
| 65:05 | Guard Tower |
| 65:24 | Summon Water Elemental |
| Right click | 629 |
| Select | 367 |
| Chat | 135 |
| Misc. action | 114 |
| Select group | 114 |
| Build/train/purchase | 96 |
| Item give/drop | 15 |
| Assign group | 11 |
| Minimap ping | 5 |
| Remove unit | 4 |
| Use ability | 2 |
| Esc | 1 |
⇛
ChuckleMan
(103)
(65:37) : 


| Scroll of Regeneration | 3 | 300 |
| Lesser Clarity Potion | 1 | 70 |
| Staff of Sanctuary | 3 | 750 |
| Orb of Fire | 1 | 325 |
| Potion of Healing | 1 | 150 |
| Scroll of Town Portal | 7 | 2450 |
| Staff of Teleportation | 3 | 450 |
| Boots of Speed | 3 | 750 |
| Robe of the Magi +6 | 1 | 400 |
| Belt of Giant Strength +6 | 1 | 400 |
| Replenishment Potion | 1 | 150 |
| Khadgar's Gem of Health | 2 | 1200 |
| Amulet of Spell Shield | 2 | 1200 |
| Pendant of Mana | 1 | 600 |
| total: | 30 | 9195g |
| Peasant | 21 | 1575 | / | 0 |
| Sorceress | 4 | 620 | / | 80 |
| Flying Machine | 13 | 1300 | / | 390 |
| Priest | 1 | 135 | / | 10 |
| total: | 39 | 3630g | / | 480w |
| Scout Tower | 103 | 3090 | / | 2060 |
| Arcane Tower | 3 | 210 | / | 150 |
| Guard Tower | 20 | 1400 | / | 1000 |
| Altar of Kings | 2 | 360 | / | 100 |
| Farm | 12 | 960 | / | 240 |
| Town Hall | 4 | 1540 | / | 820 |
| Lumber Mill | 3 | 360 | / | 0 |
| Blacksmith | 1 | 140 | / | 60 |
| Arcane Vault | 1 | 130 | / | 30 |
| Arcane Sanctum | 1 | 150 | / | 140 |
| Gryphon Aviary | 3 | 420 | / | 450 |
| Workshop | 3 | 420 | / | 420 |
| Keep | 1 | 320 | / | 210 |
| Castle | 1 | 360 | / | 210 |
| total: | 133 | 7570g | / | 4320w |
| 0:03 | Peasant |
| 0:03 | Peasant |
| 0:07 | Altar of Kings |
| 0:11 | Farm |
| 0:14 | Peasant |
| 0:25 | Peasant |
| 0:36 | Farm |
| 0:50 | Peasant |
| 1:06 | Peasant |
| 1:06 | Peasant |
| 1:34 | Peasant |
| 1:39 | Peasant |
| 1:53 | Peasant |
| 1:53 | Peasant |
| 2:05 | Blizzard |
| 2:23 | Peasant |
| 2:24 | Peasant |
| 2:36 | Peasant |
| 3:34 | Keep |
| 3:36 | Brilliance Aura |
| 3:53 | Town Hall |
| 3:57 | Lumber Mill |
| 3:59 | Scout Tower |
| 4:25 | Lumber Mill |
| 4:28 | Arcane Tower |
| 4:37 | Staff of Teleportation |
| 4:37 | Boots of Speed |
| 4:55 | Peasant |
| 4:56 | Peasant |
| 4:56 | Peasant |
| 4:56 | Peasant |
| 4:56 | Peasant |
| 5:54 | Scroll of Regeneration |
| 5:57 | Castle |
| 6:14 | Scout Tower |
| 6:14 | Scout Tower |
| 6:14 | Scout Tower |
| 6:15 | Scout Tower |
| 6:16 | Scout Tower |
| 6:16 | Scout Tower |
| 6:17 | Scout Tower |
| 6:18 | Scout Tower |
| 6:18 | Scout Tower |
| 6:19 | Scout Tower |
| 6:19 | Scout Tower |
| 6:20 | Scout Tower |
| 6:22 | Improved Masonry |
| 6:22 | Improved Lumber Harvesting |
| 6:27 | Scout Tower |
| 6:28 | Scout Tower |
| 6:29 | Scout Tower |
| 6:30 | Scout Tower |
| 6:31 | Scout Tower |
| 6:31 | Scout Tower |
| 6:32 | Scout Tower |
| 6:32 | Scout Tower |
| 6:33 | Scout Tower |
| 6:33 | Scout Tower |
| 6:33 | Scout Tower |
| 6:34 | Scout Tower |
| 6:35 | Scout Tower |
| 6:35 | Scout Tower |
| 6:41 | Staff of Teleportation |
| 6:41 | Boots of Speed |
| 6:51 | Peasant |
| 6:52 | Peasant |
| 7:07 | Flame Strike |
| 7:14 | Guard Tower |
| 7:16 | Guard Tower |
| 7:42 | Guard Tower |
| 7:53 | Advanced Masonry |
| 8:28 | Farm |
| 8:33 | Siphon Mana |
| 8:48 | Rain of Fire |
| 8:50 | Farm |
| 8:59 | Guard Tower |
| 9:03 | Guard Tower |
| 9:04 | Guard Tower |
| 9:06 | Scroll of Regeneration |
| 9:06 | Lesser Clarity Potion |
| 9:25 | Staff of Teleportation |
| 9:25 | Boots of Speed |
| 9:41 | Robe of the Magi +6 |
| 9:49 | Guard Tower |
| 9:51 | Imbued Masonry |
| 9:51 | Advanced Lumber Harvesting |
| 9:55 | Arcane Sanctum |
| 9:59 | Guard Tower |
| 10:08 | Blizzard |
| 10:44 | Belt of Giant Strength +6 |
| 10:45 | Replenishment Potion |
| 10:59 | Blacksmith |
| 11:01 | Guard Tower |
| 11:03 | Gryphon Aviary |
| 11:04 | Gryphon Aviary |
| 11:05 | Gryphon Aviary |
| 11:10 | Magic Sentry |
| 11:11 | Sorceress |
| 11:46 | Sorceress Adept Training |
| 11:51 | Farm |
| 11:54 | Farm |
| 11:54 | Farm |
| 11:54 | Farm |
| 11:55 | Farm |
| 11:55 | Farm |
| 11:56 | Farm |
| 12:00 | Arcane Vault |
| 12:04 | Scroll of Town Portal |
| 12:12 | Studded Leather Armor |
| 12:12 | Iron Forged Swords |
| 12:42 | Cleaving Attack |
| 13:02 | Storm Hammers |
| 13:16 | Sorceress Master Training |
| 13:30 | Scout Tower |
| 13:31 | Scout Tower |
| 13:32 | Scout Tower |
| 13:33 | Scout Tower |
| 13:34 | Scout Tower |
| 13:35 | Scout Tower |
| 13:36 | Scout Tower |
| 13:36 | Scout Tower |
| 13:38 | Scout Tower |
| 13:39 | Scout Tower |
| 13:40 | Scout Tower |
| 13:47 | Scout Tower |
| 13:48 | Scout Tower |
| 14:14 | Staff of Sanctuary |
| 14:18 | Scroll of Town Portal |
| 14:19 | Scroll of Town Portal |
| 14:20 | Orb of Fire |
| 14:52 | Arcane Tower |
| 14:55 | Reinforced Leather Armor |
| 15:42 | Flame Strike |
| 16:23 | Arcane Tower |
| 16:39 | Black Gunpowder |
| 16:39 | Iron Plating |
| 16:44 | Workshop |
| 16:46 | Workshop |
| 16:51 | Workshop |
| 17:38 | Scroll of Town Portal |
| 17:41 | Scroll of Town Portal |
| 18:07 | Flak Cannons |
| 18:38 | Scroll of Town Portal |
| 19:53 | Staff of Sanctuary |
| 19:57 | Flying Machine |
| 19:57 | Flying Machine |
| 19:58 | Flying Machine |
| 19:58 | Flying Machine |
| 20:26 | Flying Machine |
| 20:26 | Flying Machine |
| 20:42 | Dragonhide Armor |
| 20:43 | Steel Plating |
| 20:43 | Refined Gunpowder |
| 21:03 | Flying Machine |
| 21:03 | Flying Machine |
| 21:03 | Flying Machine |
| 21:03 | Flying Machine |
| 21:20 | Brilliance Aura |
| 21:21 | Rain of Fire |
| 21:53 | Flying Machine |
| 21:53 | Flying Machine |
| 21:59 | Potion of Healing |
| 22:22 | Staff of Sanctuary |
| 23:03 | Flying Machine |
| 23:11 | Brilliance Aura |
| 23:29 | Siphon Mana |
| 23:31 | Cleaving Attack |
| 23:44 | Scroll of Regeneration |
| 23:46 | Scroll of Town Portal |
| 24:20 | Sorceress |
| 24:52 | Steel Forged Swords |
| 24:53 | Imbued Gunpowder |
| 24:53 | Mithril Plating |
| 26:54 | Scout Tower |
| 26:55 | Scout Tower |
| 26:56 | Scout Tower |
| 26:57 | Scout Tower |
| 26:57 | Scout Tower |
| 26:57 | Scout Tower |
| 26:58 | Scout Tower |
| 26:59 | Scout Tower |
| 26:59 | Scout Tower |
| 27:00 | Scout Tower |
| 27:00 | Scout Tower |
| 27:01 | Scout Tower |
| 27:02 | Scout Tower |
| 27:03 | Scout Tower |
| 27:04 | Scout Tower |
| 27:04 | Scout Tower |
| 27:05 | Scout Tower |
| 27:05 | Scout Tower |
| 27:06 | Scout Tower |
| 27:06 | Scout Tower |
| 27:07 | Scout Tower |
| 27:07 | Scout Tower |
| 27:08 | Scout Tower |
| 28:16 | Guard Tower |
| 28:22 | Scout Tower |
| 28:22 | Scout Tower |
| 28:23 | Scout Tower |
| 28:23 | Scout Tower |
| 28:24 | Scout Tower |
| 28:25 | Scout Tower |
| 28:25 | Scout Tower |
| 28:26 | Scout Tower |
| 28:26 | Scout Tower |
| 28:29 | Guard Tower |
| 28:39 | Sorceress |
| 29:00 | Guard Tower |
| 29:27 | Sorceress |
| 29:55 | Mass Teleport |
| 30:27 | Guard Tower |
| 30:51 | Town Hall |
| 31:12 | Rain of Fire |
| 32:07 | Flame Strike |
| 35:03 | Guard Tower |
| 36:57 | Flying Machine Bombs |
| 37:01 | Mithril Forged Swords |
| 39:09 | Doom |
| 40:51 | Blizzard |
| 42:41 | Summon Phoenix |
| 42:41 | Summon Phoenix |
| 43:04 | Scout Tower |
| 43:04 | Scout Tower |
| 43:05 | Scout Tower |
| 43:05 | Scout Tower |
| 43:06 | Scout Tower |
| 43:07 | Scout Tower |
| 43:07 | Scout Tower |
| 43:08 | Scout Tower |
| 43:08 | Scout Tower |
| 43:09 | Scout Tower |
| 43:10 | Scout Tower |
| 43:10 | Scout Tower |
| 43:11 | Scout Tower |
| 43:11 | Scout Tower |
| 43:12 | Scout Tower |
| 43:17 | Town Hall |
| 43:20 | Scout Tower |
| 43:21 | Scout Tower |
| 43:22 | Scout Tower |
| 43:23 | Scout Tower |
| 44:00 | Guard Tower |
| 44:02 | Guard Tower |
| 44:04 | Scout Tower |
| 44:05 | Scout Tower |
| 44:06 | Scout Tower |
| 44:06 | Scout Tower |
| 44:07 | Scout Tower |
| 44:08 | Scout Tower |
| 44:09 | Scout Tower |
| 44:10 | Scout Tower |
| 44:10 | Scout Tower |
| 44:11 | Scout Tower |
| 44:11 | Scout Tower |
| 44:12 | Scout Tower |
| 44:14 | Guard Tower |
| 45:05 | Guard Tower |
| 45:59 | Priest |
| 46:05 | Guard Tower |
| 47:59 | Cleaving Attack |
| 49:53 | Town Hall |
| 50:55 | Summon Water Elemental |
| 50:56 | Siphon Mana |
| 52:03 | Khadgar's Gem of Health |
| 52:53 | Amulet of Spell Shield |
| 61:30 | Amulet of Spell Shield |
| 61:35 | Khadgar's Gem of Health |
| 61:42 | Pendant of Mana |
| 62:28 | Lumber Mill |
| 64:07 | Altar of Kings |
| 64:11 | Farm |
| Right click | 1848 |
| Chat | 1171 |
| Select group | 1104 |
| Select | 500 |
| Use ability | 417 |
| Build/train/purchase | 226 |
| Misc. action | 99 |
| Assign group | 78 |
| Item give/drop | 21 |
| Resource trade | 16 |
| Minimap ping | 13 |
| Esc | 8 |
286 units @ 43.4k
/ 6.4k
101 buildings @ 17k
/ 7.8k

| Wisp | 23 | 1380 | / | 0 |
| Archer | 2 | 260 | / | 20 |
| Huntress | 11 | 2145 | / | 220 |
| Chimaera | 14 | 4620 | / | 980 |
| Dryad | 7 | 1015 | / | 420 |
| Mountain Giant | 4 | 1400 | / | 400 |
| Glaive Thrower | 4 | 840 | / | 260 |
| Hippogryph | 7 | 1120 | / | 140 |
| Harpy Rogue | 1 | 215 | / | 20 |
| total: | 73 | 12995g | / | 2460w |
| Ancient Protector | 19 | 2565 | / | 1520 |
| Moon Well | 8 | 1440 | / | 320 |
| Altar of Elders | 1 | 180 | / | 50 |
| Ancient of War | 2 | 300 | / | 120 |
| Hunter's Hall | 1 | 210 | / | 100 |
| Tree of Life | 1 | 340 | / | 185 |
| Ancient of Wonders | 1 | 90 | / | 30 |
| Ancient of Wind | 1 | 150 | / | 140 |
| Ancient of Lore | 2 | 310 | / | 290 |
| Chimaera Roost | 2 | 280 | / | 380 |
| Tree of Ages | 1 | 320 | / | 180 |
| Tree of Eternity | 1 | 330 | / | 200 |
| total: | 38 | 5865g | / | 3135w |
| 0:05 | Wisp |
| 0:06 | Wisp |
| 0:06 | Wisp |
| 0:09 | Moon Well |
| 0:32 | Altar of Elders |
| 0:37 | Ancient of War |
| 0:46 | Wisp |
| 1:21 | Wisp |
| 1:21 | Wisp |
| 1:22 | Wisp |
| 1:41 | Moon Well |
| 1:43 | Archer |
| 2:00 | Archer |
| 2:34 | Force of Nature |
| 2:36 | Moon Well |
| 3:01 | Hunter's Hall |
| 3:04 | Wisp |
| 3:04 | Wisp |
| 3:24 | Ancient of War |
| 4:37 | Tree of Life |
| 4:48 | Moon Well |
| 4:53 | Huntress |
| 4:54 | Huntress |
| 5:13 | Entangling Roots |
| 5:58 | Ancient Protector |
| 6:06 | Ancient Protector |
| 6:07 | Ancient Protector |
| 6:09 | Ancient Protector |
| 6:16 | Tree of Ages |
| 6:23 | Ancient Protector |
| 6:26 | Huntress |
| 7:32 | Harpy Rogue |
| 7:49 | Wisp |
| 7:49 | Wisp |
| 7:50 | Wisp |
| 7:50 | Wisp |
| 7:50 | Wisp |
| 8:15 | Ultravision |
| 8:17 | Strength of the Moon |
| 8:41 | Moon Well |
| 8:42 | Moon Well |
| 8:50 | Moon Glaive |
| 8:52 | Huntress |
| 8:53 | Huntress |
| 8:54 | Huntress |
| 9:10 | Wisp |
| 9:10 | Wisp |
| 9:11 | Wisp |
| 9:52 | Tree of Eternity |
| 10:34 | Moon Well |
| 10:37 | Moon Well |
| 12:24 | Chimaera Roost |
| 12:26 | Chimaera Roost |
| 12:32 | Wisp |
| 12:51 | Ancient of Wind |
| 13:26 | Strength of the Wild |
| 13:53 | Corrosive Breath |
| 14:34 | Chimaera |
| 14:35 | Chimaera |
| 14:36 | Chimaera |
| 14:50 | Ancient of Lore |
| 15:42 | Force of Nature |
| 15:55 | Chimaera |
| 15:56 | Chimaera |
| 15:56 | Chimaera |
| 16:00 | Ancient of Lore |
| 16:31 | Improved Strength of the Moon |
| 17:15 | Abolish Magic |
| 17:19 | Wisp |
| 17:36 | Improved Strength of the Wild |
| 18:07 | Advanced Strength of the Moon |
| 18:09 | Dryad |
| 18:10 | Dryad |
| 18:10 | Dryad |
| 18:10 | Dryad |
| 18:11 | Dryad |
| 18:22 | Ancient Protector |
| 18:52 | Entangling Roots |
| 21:26 | Dryad |
| 21:26 | Dryad |
| 22:48 | Force of Nature |
| 23:06 | Chimaera |
| 23:07 | Chimaera |
| 23:07 | Chimaera |
| 23:07 | Chimaera |
| 23:07 | Chimaera |
| 23:08 | Chimaera |
| 24:12 | Druid of the Claw Adept Training |
| 24:44 | Druid of the Claw Master Training |
| 25:00 | Ancient of Wonders |
| 25:11 | Tranquility |
| 27:13 | Mountain Giant |
| 27:14 | Mountain Giant |
| 27:15 | Mountain Giant |
| 27:16 | Mountain Giant |
| 30:19 | Entangling Roots |
| 30:30 | Hardened Skin |
| 30:31 | Resistant Skin |
| 30:37 | Vorpal Blades |
| 30:45 | Glaive Thrower |
| 30:45 | Glaive Thrower |
| 30:45 | Glaive Thrower |
| 31:50 | Glaive Thrower |
| 36:36 | Chimaera |
| 36:44 | Hippogryph |
| 36:47 | Hippogryph |
| 36:48 | Hippogryph |
| 37:46 | Ancient Protector |
| 37:47 | Ancient Protector |
| 37:49 | Ancient Protector |
| 37:51 | Ancient Protector |
| 45:34 | Wisp |
| 45:35 | Wisp |
| 45:35 | Wisp |
| 45:36 | Wisp |
| 48:47 | Huntress |
| 48:47 | Huntress |
| 48:47 | Huntress |
| 48:48 | Huntress |
| 48:48 | Huntress |
| 49:14 | Ancient Protector |
| 49:17 | Ancient Protector |
| 49:18 | Ancient Protector |
| 49:19 | Ancient Protector |
| 49:20 | Ancient Protector |
| 49:22 | Ancient Protector |
| 50:09 | Hippogryph |
| 50:09 | Hippogryph |
| 50:09 | Hippogryph |
| 50:09 | Hippogryph |
| 52:36 | Ancient Protector |
| 53:16 | Ancient Protector |
| 55:17 | Chimaera |
| 55:39 | Ancient Protector |
| 61:47 | Thorns Aura |
| 61:47 | Thorns Aura |
| Right click | 983 |
| Select | 570 |
| Chat | 422 |
| Select group | 225 |
| Build/train/purchase | 106 |
| Misc. action | 70 |
| Use ability | 37 |
| Assign group | 32 |
| Minimap ping | 21 |
| Remove unit | 18 |

| Healing Salve | 3 | 300 |
| Potion of Healing | 1 | 150 |
| total: | 4 | 450g |
| Peon | 50 | 3750 | / | 0 |
| Grunt | 6 | 1200 | / | 0 |
| Troll Headhunter | 5 | 700 | / | 100 |
| Wind Rider | 17 | 4505 | / | 680 |
| Troll Witch Doctor | 3 | 435 | / | 75 |
| Shaman | 3 | 390 | / | 60 |
| Raider | 6 | 1080 | / | 240 |
| Demolisher | 2 | 440 | / | 100 |
| Spirit Walker | 3 | 585 | / | 105 |
| total: | 95 | 13085g | / | 1360w |
| Watch Tower | 3 | 330 | / | 240 |
| Altar of Storms | 1 | 180 | / | 50 |
| Orc Burrow | 12 | 1920 | / | 480 |
| Barracks | 2 | 360 | / | 100 |
| Voodoo Lounge | 1 | 130 | / | 30 |
| War Mill | 2 | 410 | / | 0 |
| Great Hall | 2 | 770 | / | 370 |
| Spirit Lodge | 1 | 150 | / | 150 |
| Beastiary | 2 | 290 | / | 280 |
| Tauren Totem | 1 | 135 | / | 155 |
| Stronghold | 1 | 315 | / | 190 |
| Fortress | 1 | 325 | / | 190 |
| total: | 27 | 4675g | / | 1855w |
| 0:05 | Altar of Storms |
| 0:09 | Orc Burrow |
| 0:10 | Peon |
| 0:20 | Barracks |
| 0:23 | Barracks |
| 0:34 | Peon |
| 0:50 | Peon |
| 1:20 | Peon |
| 1:27 | Grunt |
| 1:37 | Orc Burrow |
| 2:00 | Grunt |
| 2:10 | Wind Walk |
| 2:26 | Voodoo Lounge |
| 2:30 | Peon |
| 2:54 | Grunt |
| 3:24 | War Mill |
| 3:41 | Grunt |
| 4:14 | Orc Burrow |
| 4:17 | Grunt |
| 4:38 | Steel Armor |
| 4:45 | Critical Strike |
| 5:03 | Healing Salve |
| 5:11 | Watch Tower |
| 5:37 | Stronghold |
| 5:57 | Grunt |
| 6:00 | Troll Headhunter |
| 6:18 | Steel Ranged Weapons |
| 6:20 | Troll Headhunter |
| 7:09 | Wind Walk |
| 7:16 | Great Hall |
| 7:20 | Troll Headhunter |
| 7:22 | Spiked Barricades |
| 7:27 | Orc Burrow |
| 8:00 | Healing Salve |
| 8:16 | Peon |
| 8:22 | Spirit Lodge |
| 8:41 | Troll Headhunter |
| 8:56 | Beastiary |
| 9:18 | Troll Headhunter |
| 9:41 | Shaman Adept Training |
| 10:06 | Wind Rider |
| 10:16 | Orc Burrow |
| 10:22 | Fortress |
| 10:28 | Peon |
| 10:33 | Peon |
| 10:46 | Peon |
| 11:03 | Peon |
| 11:09 | Wind Rider |
| 11:39 | Peon |
| 11:39 | Peon |
| 11:41 | Peon |
| 11:41 | Peon |
| 11:50 | Witch Doctor Adept Training |
| 12:17 | Orc Burrow |
| 12:34 | Wind Rider |
| 12:36 | Thorium Ranged Weapons |
| 13:21 | Wind Rider |
| 13:39 | Shaman Master Training |
| 13:46 | Peon |
| 13:46 | Peon |
| 13:47 | Peon |
| 13:47 | Peon |
| 13:47 | Peon |
| 14:00 | Wind Rider |
| 14:11 | Peon |
| 14:12 | Peon |
| 14:12 | Peon |
| 14:12 | Peon |
| 14:48 | Wind Rider |
| 15:52 | Critical Strike |
| 16:13 | Peon |
| 16:13 | Peon |
| 16:25 | Peon |
| 16:25 | Peon |
| 16:25 | Peon |
| 16:28 | Orc Burrow |
| 16:34 | Arcanite Ranged Weapons |
| 16:37 | Envenomed Spears |
| 17:05 | Orc Burrow |
| 17:13 | Watch Tower |
| 17:22 | Healing Salve |
| 17:39 | Peon |
| 17:39 | Peon |
| 17:40 | Peon |
| 17:40 | Peon |
| 17:40 | Peon |
| 18:04 | Wind Rider |
| 18:13 | Improved Spiked Barricades |
| 19:15 | Wind Rider |
| 19:22 | Orc Burrow |
| 19:42 | Witch Doctor Master Training |
| 20:02 | Troll Witch Doctor |
| 20:10 | Shaman |
| 20:40 | Thorium Armor |
| 21:17 | Shaman |
| 21:20 | Troll Witch Doctor |
| 21:45 | Wind Rider |
| 22:23 | Wind Rider |
| 22:26 | Wind Rider |
| 22:47 | Wind Walk |
| 23:17 | Potion of Healing |
| 23:23 | Raider |
| 23:25 | Ensnare |
| 23:31 | Tauren Totem |
| 23:48 | Raider |
| 24:11 | Raider |
| 24:19 | Beastiary |
| 24:22 | Peon |
| 24:31 | Arcanite Armor |
| 24:36 | Demolisher |
| 24:41 | Burning Oil |
| 25:03 | Raider |
| 25:07 | Spirit Walker Adept Training |
| 25:51 | Shaman |
| 25:51 | Troll Witch Doctor |
| 26:25 | Peon |
| 26:34 | Spirit Walker Master Training |
| 26:36 | Raider |
| 26:43 | Peon |
| 27:05 | Spirit Walker |
| 27:14 | Spirit Walker |
| 27:58 | Raider |
| 27:59 | Spirit Walker |
| 28:39 | Great Hall |
| 29:18 | Bladestorm |
| 29:31 | Orc Burrow |
| 29:33 | Peon |
| 30:09 | Peon |
| 30:32 | Peon |
| 30:47 | Peon |
| 31:03 | Peon |
| 31:30 | Wind Rider |
| 31:35 | Peon |
| 31:43 | Peon |
| 31:53 | Peon |
| 31:58 | Peon |
| 32:20 | Wind Rider |
| 32:29 | Wind Rider |
| 33:17 | Wind Rider |
| 33:49 | Wind Rider |
| 34:25 | Orc Burrow |
| 35:14 | Steel Melee Weapons |
| 35:20 | Wind Rider |
| 35:38 | Demolisher |
| 36:12 | Peon |
| 36:12 | Peon |
| 36:12 | Peon |
| 36:13 | Peon |
| 36:13 | Peon |
| 37:06 | War Mill |
| 38:27 | Watch Tower |
| 38:32 | Orc Burrow |
| Right click | 968 |
| Select | 783 |
| Select group | 383 |
| Build/train/purchase | 160 |
| Misc. action | 109 |
| Chat | 55 |
| Assign group | 30 |
| Use ability | 21 |
| Remove unit | 10 |
| Esc | 10 |


| Wisp | 23 | 1380 | / | 0 |
| Archer | 20 | 2600 | / | 200 |
| Huntress | 7 | 1365 | / | 140 |
| Glaive Thrower | 8 | 1680 | / | 520 |
| Hippogryph | 22 | 3520 | / | 440 |
| total: | 80 | 10545g | / | 1300w |
| Altar of Elders | 1 | 180 | / | 50 |
| Moon Well | 9 | 1620 | / | 360 |
| Ancient of War | 2 | 300 | / | 120 |
| Hunter's Hall | 1 | 210 | / | 100 |
| Tree of Life | 2 | 680 | / | 370 |
| Ancient of Wind | 2 | 300 | / | 280 |
| Tree of Ages | 1 | 320 | / | 180 |
| Tree of Eternity | 1 | 330 | / | 200 |
| total: | 17 | 3290g | / | 1280w |
| 0:09 | Altar of Elders |
| 0:13 | Moon Well |
| 0:16 | Wisp |
| 0:32 | Wisp |
| 0:39 | Ancient of War |
| 0:45 | Wisp |
| 1:06 | Wisp |
| 1:44 | Archer |
| 1:46 | Archer |
| 1:53 | Wisp |
| 1:56 | Moon Well |
| 2:18 | Wisp |
| 2:18 | Wisp |
| 2:55 | Ancient of War |
| 3:01 | Trueshot Aura |
| 3:21 | Archer |
| 3:21 | Archer |
| 4:20 | Archer |
| 4:21 | Archer |
| 4:22 | Archer |
| 4:22 | Archer |
| 4:31 | Searing Arrows |
| 4:52 | Tree of Ages |
| 5:55 | Hunter's Hall |
| 6:05 | Archer |
| 6:05 | Archer |
| 6:50 | Tree of Life |
| 7:13 | Moon Armor |
| 7:20 | Moon Well |
| 8:17 | Huntress |
| 8:17 | Huntress |
| 8:17 | Improved Bows |
| 8:48 | Wisp |
| 8:48 | Wisp |
| 8:48 | Wisp |
| 9:01 | Moon Well |
| 9:11 | Wisp |
| 9:11 | Wisp |
| 9:11 | Wisp |
| 9:12 | Wisp |
| 9:15 | Wisp |
| 9:56 | Moon Well |
| 10:01 | Improved Moon Armor |
| 10:53 | Moon Well |
| 11:01 | Moon Glaive |
| 11:05 | Strength of the Moon |
| 12:02 | Wisp |
| 12:03 | Wisp |
| 13:07 | Tree of Eternity |
| 13:12 | Improved Strength of the Moon |
| 13:18 | Ancient of Wind |
| 13:27 | Ancient of Wind |
| 13:38 | Glaive Thrower |
| 13:38 | Huntress |
| 14:27 | Hippogryph |
| 14:27 | Hippogryph |
| 14:28 | Hippogryph |
| 14:42 | Hippogryph |
| 14:42 | Hippogryph |
| 14:51 | Wisp |
| 14:51 | Wisp |
| 14:51 | Wisp |
| 14:51 | Wisp |
| 16:01 | Moon Well |
| 16:09 | Wisp |
| 16:10 | Wisp |
| 16:59 | Advanced Moon Armor |
| 17:00 | Advanced Strength of the Moon |
| 18:02 | Glaive Thrower |
| 18:02 | Glaive Thrower |
| 18:02 | Glaive Thrower |
| 18:15 | Moon Well |
| 20:05 | Trueshot Aura |
| 20:06 | Searing Arrows |
| 21:04 | Huntress |
| 21:05 | Archer |
| 21:06 | Archer |
| 21:26 | Searing Arrows |
| 22:55 | Tree of Life |
| 24:14 | Hippogryph |
| 24:14 | Hippogryph |
| 24:15 | Hippogryph |
| 24:15 | Hippogryph |
| 24:17 | Hippogryph |
| 24:17 | Hippogryph |
| 24:17 | Hippogryph |
| 25:03 | Archer |
| 25:04 | Marksmanship |
| 25:26 | Starfall |
| 25:53 | Archer |
| 27:06 | Force of Nature |
| 29:58 | Archer |
| 29:59 | Archer |
| 29:59 | Archer |
| 29:59 | Archer |
| 29:59 | Huntress |
| 29:59 | Huntress |
| 30:00 | Huntress |
| 30:01 | Archer |
| 30:01 | Archer |
| 31:01 | Hippogryph |
| 31:01 | Hippogryph |
| 31:01 | Hippogryph |
| 31:02 | Hippogryph |
| 33:25 | Glaive Thrower |
| 33:25 | Glaive Thrower |
| 33:25 | Glaive Thrower |
| 33:25 | Glaive Thrower |
| 39:11 | Nature's Blessing |
| 40:22 | Hippogryph |
| 40:22 | Hippogryph |
| 40:23 | Hippogryph |
| 40:23 | Hippogryph |
| 40:23 | Hippogryph |
| 40:24 | Hippogryph |
| 46:31 | Moon Well |
| Right click | 1205 |
| Select | 321 |
| Select group | 265 |
| Build/train/purchase | 105 |
| Assign group | 40 |
| Misc. action | 12 |
| Use ability | 4 |
| Esc | 1 |
| Minimap ping | 1 |


| Healing Salve | 1 | 100 |
| Scroll of Speed | 1 | 50 |
| Orb of Lightning | 2 | 750 |
| Potion of Mana | 2 | 400 |
| Boots of Speed | 1 | 250 |
| total: | 7 | 1550g |
| Peon | 12 | 900 | / | 0 |
| Grunt | 2 | 400 | / | 0 |
| Troll Headhunter | 2 | 280 | / | 40 |
| Wind Rider | 7 | 1855 | / | 280 |
| Troll Batrider | 7 | 1120 | / | 280 |
| Tauren | 8 | 2240 | / | 640 |
| total: | 38 | 6795g | / | 1240w |
| Watch Tower | 2 | 220 | / | 160 |
| Altar of Storms | 1 | 180 | / | 50 |
| Orc Burrow | 7 | 1120 | / | 280 |
| Barracks | 1 | 180 | / | 50 |
| War Mill | 1 | 205 | / | 0 |
| Voodoo Lounge | 1 | 130 | / | 30 |
| Great Hall | 1 | 385 | / | 185 |
| Beastiary | 2 | 290 | / | 280 |
| Tauren Totem | 2 | 270 | / | 310 |
| Spirit Lodge | 1 | 150 | / | 150 |
| Stronghold | 1 | 315 | / | 190 |
| Fortress | 1 | 325 | / | 190 |
| total: | 19 | 3130g | / | 1495w |
| 0:05 | Peon |
| 0:05 | Peon |
| 0:15 | Altar of Storms |
| 0:20 | Orc Burrow |
| 0:50 | Peon |
| 0:50 | Peon |
| 0:50 | Peon |
| 0:51 | Peon |
| 1:03 | Barracks |
| 1:24 | War Mill |
| 2:05 | Orc Burrow |
| 2:16 | Voodoo Lounge |
| 2:22 | Grunt |
| 3:00 | Orc Burrow |
| 3:19 | Critical Strike |
| 3:27 | Stronghold |
| 3:59 | Watch Tower |
| 4:14 | Grunt |
| 5:26 | Watch Tower |
| 5:35 | Troll Headhunter |
| 5:35 | Troll Headhunter |
| 5:43 | Healing Salve |
| 5:45 | Scroll of Speed |
| 5:53 | Peon |
| 5:53 | Peon |
| 6:00 | Beastiary |
| 6:09 | Beastiary |
| 6:37 | Orc Burrow |
| 6:44 | Wind Walk |
| 7:53 | Fortress |
| 8:18 | Boots of Speed |
| 9:07 | Healing Wave |
| 9:16 | Wind Rider |
| 9:16 | Wind Rider |
| 9:29 | Reinforced Defenses |
| 9:32 | Spiked Barricades |
| 9:41 | Steel Ranged Weapons |
| 10:24 | Envenomed Spears |
| 10:26 | Wind Rider |
| 10:57 | Orb of Lightning |
| 12:04 | Wind Rider |
| 12:06 | Liquid Fire |
| 12:10 | Troll Batrider |
| 12:10 | Troll Batrider |
| 12:21 | Steel Armor |
| 13:18 | Orc Burrow |
| 13:23 | Orc Burrow |
| 13:27 | Thorium Ranged Weapons |
| 14:41 | Troll Batrider |
| 14:44 | Wind Rider |
| 16:12 | Wind Rider |
| 16:12 | Wind Rider |
| 20:22 | Critical Strike |
| 20:43 | Hex |
| 21:07 | Troll Batrider |
| 21:07 | Troll Batrider |
| 21:08 | Troll Batrider |
| 21:08 | Troll Batrider |
| 23:45 | Thorium Armor |
| 23:53 | Tauren Totem |
| 24:18 | Wind Walk |
| 24:27 | Healing Wave |
| 24:40 | Tauren Totem |
| 24:43 | Peon |
| 24:43 | Peon |
| 25:07 | Potion of Mana |
| 25:11 | Potion of Mana |
| 25:12 | Orb of Lightning |
| 25:27 | Tauren |
| 25:29 | Tauren |
| 25:29 | Tauren |
| 25:33 | Pulverize |
| 25:41 | Orc Burrow |
| 26:28 | Tauren |
| 26:39 | Spirit Lodge |
| 27:56 | Pillage |
| 27:58 | Peon |
| 27:58 | Peon |
| 30:26 | Critical Strike |
| 30:47 | Tauren |
| 30:47 | Tauren |
| 30:48 | Tauren |
| 30:48 | Tauren |
| 36:12 | Great Hall |
| Select group | 582 |
| Right click | 520 |
| Select | 180 |
| Build/train/purchase | 82 |
| Use ability | 15 |
| Assign group | 11 |
| Minimap ping | 6 |
| Remove unit | 2 |
| Item give/drop | 1 |